 Dungeon Crawl Stone Soup version 0.26-a0-682-g294304f6e8 (webtiles) character file.

Game seed: 14976095187305855961

101 DogServant the Slasher (level 4, -3/37 HPs)
             Began as a Merfolk Gladiator on Oct 21, 2020.
             Slain by Grinder (5 damage)
             ... while paralysed by Grinder
             ... on level 3 of the Dungeon.
             The game lasted 00:03:27 (2036 turns).

DogServant the Slasher (Merfolk Gladiator)          Turns: 2036, Time: 00:03:28

Health: -3/37      AC:  6    Str: 15    XL:     4   Next: 75%
Magic:  4/4        EV:  2    Int:  7    God:
Gold:   85         SH:  0    Dex: 15    Spells: 3/3 levels left

rFire    . . .     SeeInvis .   a - +0 long sword
rCold    . . .     Faith    .   (no shield)
rNeg     . . .     Spirit   .   o - +0 ring mail
rPois    .         Reflect  .   c - +0 helmet
rElec    .         Harm     .   (no cloak)
rCorr    .         Rampage  .   (no gloves)
MR       .....                  (no boots)
Stlth    +.........             (no amulet)
HPRegen  0.12/turn              (no ring)
MPRegen  0.09/turn              (no ring)

@: paralysed
A: change form in water, swift swim, stealthy swim
a: no special abilities


You were on level 3 of the Dungeon.
You visited 1 branch of the dungeon, and saw 3 of its levels.

You collected 85 gold pieces.

Inventory:

Hand Weapons
 a - a +0 long sword (weapon)
Armour
 b - a +1 leather armour
 c - a +0 helmet (worn)
 o - a +0 ring mail (worn)
Wands
 h - a wand of enslavement (7)
Scrolls
 e - a scroll of amnesia
 f - 2 scrolls of enchant armour
 l - 2 scrolls of remove curse
Potions
 g - a potion of haste
 i - a potion of brilliance
 j - 2 potions of heal wounds
 k - 2 potions of flight
 n - 2 potions of lignification {unknown}
 p - 2 potions of magic {unknown}
 q - 2 potions of curing {unknown}


   Skills:
 - Level 4.0 Fighting
 + Level 4.7 Long Blades
 - Level 2.0 Throwing
 + Level 4.0 Dodging


You had 3 spell levels left.
You didn't know any spells.
Your spell library was empty.

Dungeon Overview and Level Annotations

Branches:
Dungeon (3/15)

Altars:
Fedhas
Makhleb
The Shining One

Annotations:
D:3 Grinder


Message History

You strike the helpless Grinder from behind!
You slash Grinder!
Grinder is moderately wounded.
Grinder blinks!
Throwing (i - inventory)
d - a throwing net (quivered)
Press: ? - help, Shift-Dir - straight line, f/p - Grinder
Aim: Grinder, carrying a wand of random effects (19) (moderately wounded)
You throw a throwing net.
The throwing net closely misses Grinder.
Grinder gestures at you.
You suddenly lose the ability to move!
Grinder gestures at you. Pain shoots through your body!
* * * LOW HITPOINT WARNING * * *
Grinder gestures at you. You resist with significant effort. Grinder hits you.
* * * LOW HITPOINT WARNING * * *
You writhe in agony.
You die...

......##.#######
####...........
#....†.........
[...##..........
... #..........
. #..........
#..........
#..(.......
#..@5.....(
#.....$....
#.(........
###########


You could see Grinder.

Vanquished Creatures
  3 adders (D:2)
  3 worms (D:2)
  4 dart slugs
  6 orcs (D:3)
  A ball python (D:2)
  6 bats
  4 goblins
  3 hobgoblins
  3 jackals (D:1)
  6 kobolds
  A quokka (D:2)
  4 frilled lizards
  9 rats
53 creatures vanquished.

Notes
Turn   | Place    | Note
-------+----------+-------------------------------------------
     0 | D:1      | DogServant the Merfolk Gladiator began the quest for the
                  | Orb.
     0 | D:1      | Reached XP level 1. HP: 16/16 MP: 1/1
    93 | D:1      | Reached XP level 2. HP: 23/23 MP: 2/2
   149 | D:1      | Found a glowing golden altar of the Shining One.
   559 | D:1      | Reached XP level 3. HP: 29/29 MP: 3/3
  1030 | D:2      | Reached XP level 4. HP: 36/36 MP: 4/4
  1064 | D:2      | Found a blossoming altar of Fedhas.
  1741 | D:2      | Found a burning altar of Makhleb.
  1974 | D:3      | Noticed Grinder
  1988 | D:3      | Paralysed by Grinder for 5 turns
  2032 | D:3      | Paralysed by Grinder for 4 turns
  2036 | D:3      | Slain by Grinder

Illustrated notes

Levels and vault maps discovered:
D:1:      grunt_arrival_crossed_arrows, layout_basic, tso_altar
D:2:      layout_loops_cross, marbit_many_paths, fedhas_altar_2
D:3:      layout_basic, uniq_grinder

Skill      XL: |  1  2  3  4 |
---------------+-------------+-----
Fighting       | 3 4 |  4.0
Long Blades    | 4 |  4.7
Throwing       | |  2.0
Dodging        | |  4.0

Action                   |  1- 3 |  4- 6 || total
-------------------------+-------+-------++-------
Melee: Long sword        |    90 |    85 ||   175
       Tailslap          |       |     1 ||     1
Throw: Throwing net      |       |     7 ||     7
Evoke: Wand              |       |     1 ||     1
  Use: Scroll            |     7 |     3 ||    10
 Stab: Sleeping          |     2 |       ||     2
       Held in net/web   |       |     2 ||     2
Armor: Leather armour    |    31 |     5 ||    36
       Ring mail         |       |    12 ||    12
Dodge: Dodged            |    90 |    42 ||   132
       Rpst.: Long sword |    25 |    12 ||    37

Table legend: (Time is in decaauts)
 A = Elapsed time spent in this place.
 B = Non-inter-level travel time spent in this place.
 C = Inter-level travel time spent in this place.
 D = Time resting spent in this place.
 E = Time spent auto-exploring this place.
 F = Levels seen in this place.
 G = Mean time per level.
                   A        B        C        D        E       F      G
               +--------+--------+--------+--------+--------+-----+--------+
         Total |   2064 |   2045 |     19 |    169 |   1462 |   3 |  688.0 |
       Dungeon |   2064 |   2045 |     19 |    169 |   1462 |   3 |  688.0 |
               +--------+--------+--------+--------+--------+-----+--------+

Top non-repeatable levels by time:
     D:2: 1186 daAuts
     D:1: 689 daAuts
     D:3: 188 daAuts
